 Dungeon Crawl Stone Soup version 0.29.0-4-gdea44cf6ec (webtiles) character file.

Game seed: 10585808215048111629

5523 qw the Grappler (level 10, -6/96 HPs)
             Began as a Troll Cinder Acolyte on Aug 31, 2022.
             Was an Elder of Ignis.
             Mangled by a wolf (8 damage)
             ... on level 1 of the Lair of Beasts.
             The game lasted 00:03:56 (7982 turns).

qw the Grappler (Troll Cinder Acolyte)              Turns: 7982, Time: 00:03:57

Health: -6/96      AC: 17    Str: 34    XL:     10   Next: 43%
Magic:  10/10      EV:  9    Int: 10    God:    Ignis [****..]
Gold:   373        SH:  0    Dex: 11    Spells: 11/11 levels left

rFire   + . .      SeeInvis .     - Unarmed
rCold   . . .      Faith    .   (no shield)
rNeg    . . .      Spirit   .   o - +0 acid dragon scales
rPois   .          Reflect  .   t - +1 hat
rElec   .          Harm     .   l - +0 cloak
rCorr   +          Rampage  .   (gloves unavailable)
Will    .....                   (boots unavailable)
Stlth   +.........              (no amulet)
HPRegen 1.06/turn               q - +6 ring of dexterity
MPRegen 0.12/turn               g - +6 ring of strength

@: lethally poisoned (-6 -> -20), about to teleport, fiery-armoured
A: large, unfitting armour, claws 3, regeneration 1, shaggy fur 1, tough skin 1
a: Renounce Religion, Fiery Armour, Foxfire Swarm, Rising Flame


You were on level 1 of the Lair of Beasts.
You worshipped Ignis.
Ignis was greatly pleased with you.
You visited 2 branches of the dungeon, and saw 10 of its levels.

You collected 516 gold pieces.
You spent 143 gold pieces at shops.


Innate Abilities, Weirdness & Mutations

You are too large for most types of armour.
You have claws for hands.
Your natural rate of healing is unusually fast.
You are covered in fur. (AC +1)
You have tough skin. (AC +1)


   Skills:
 - Level 5.2 Fighting
 - Level 5.3 Throwing
 + Level 1.7 Armour
 - Level 2.0 Dodging
 - Level 13.0 Unarmed Combat
 - Level 1.0 Spellcasting
 - Level 2.1 Fire Magic


You had 11 spell levels left.
You didn't know any spells.
Your spell library contained the following spells:

 Spells                   Type           Power      Damage    Failure   Level
 Scorch                   Fire           8%         2d5       24%         2

Inventory:

Missiles
 f - 2 large rocks (quivered)
 n - a javelin
 r - 4 boomerangs
Armour
 l - a +0 cloak (worn)
 o - +0 acid dragon scales (worn)
 t - a +1 hat (worn)
Jewellery
 g - a +6 ring of strength (right claw)
 i - a ring of fire
 q - a +6 ring of dexterity (left claw)
Scrolls
 e - 6 scrolls of identify
 h - 3 scrolls of enchant weapon
 p - a scroll of teleportation
Potions
 a - 2 potions of attraction {unknown}
 c - a potion of resistance
 d - a potion of might
 j - 6 potions of heal wounds
 k - 4 potions of curing
 m - 2 potions of mutation

Dungeon Overview and Level Annotations

Branches:
Dungeon (9/15)             Temple (0/1) D:5            Lair (1/5) D:9
    Orc: D:9-12

Altars:
Dithmenos
Gozag
Makhleb
Sif Muna
Wu Jian
Yredelemnul
The Shining One

Shops:
D:7 [

Annotations:
D:7 1 runed translucent door


Message History

The black mamba completely misses you.
You miss the black mamba.
The black mamba is heavily wounded.
You feel very sick. The wolf bites you but does no damage. The wolf bites you.
The black mamba bites you!
7980 ||| INVOKING Fiery Armour.
A protective cloak of flame settles atop you.
You feel very sick. The wolf bites you.
The wolf is burned by your cloak of flames.
The wolf is lightly wounded.
The black mamba bites you.
You are more poisoned.
The black mamba poisons you! The wolf bites you but does no damage.
The wolf is burned by your cloak of flames.
The wolf is lightly wounded.
The wolf bites you but does no damage. x2
The wolf is burned by your cloak of flames.
The wolf is heavily wounded.
The black mamba closely misses you.
You miss the black mamba. Your claw misses the black mamba.
The black mamba is heavily wounded.
You feel very sick. The wolf bites you.
The wolf is burned by your cloak of flames.
The wolf is lightly wounded.
The black mamba barely misses you. The wolf bites you!
The wolf is burned by your cloak of flames.
The wolf is severely wounded.
7982 ||| READING 2 scrolls of teleportation.
As you read the scroll of teleportation, it crumbles to dust.
You feel strangely unstable.
You feel extremely sick. The black mamba closely misses you.
The wolf bites you.
The wolf is burned by your cloak of flames.
The wolf is moderately wounded.
The wolf misses you. The wolf barely misses you.
The black mamba closely misses you. The wolf bites you!
You die...

.... ##..# .........#
#.......## ###
#........# # ###.###
#.(.#.....# ###.....#
..#.(... #.......####
#S.#.#
#........#.###.@h.#.#
##.........###%.hh...#
#.#........#...........#
###........#...#........
##.........##.###.^...
##.......## ## .....
#......## .... ##.....#
.... ###......#


You could see a black mamba and 3 wolves.

Vanquished Creatures
  2 komodo dragons (D:9)
  Grinder (D:6)
  Sigmund (D:2)
  A shadow (D:9)
  3 wyverns
  6 yaks (D:8)
  A basilisk (D:9)
  3 steam dragons
  A water moccasin (Lair:1)
  An acid dragon (D:9)
  3 ice beasts
  An orc warrior (D:9)
  A sky beast (D:7)
  4 centaurs
  2 phantoms (D:5)
  2 kobold brigands
  3 bullfrogs
  A scorpion (D:5)
  6 killer bees (D:9)
  2 lava snakes (D:9)
  A quasit (D:7)
  2 orc priests (D:8)
  3 hounds
  A jelly (D:7)
  4 iguanas
  Terence (D:2)
  Natasha (D:2)
  7 orc wizards
  7 gnolls
  8 adders
  2 white imps
  An ufetubus (D:4)
  A worm (D:2)
  3 dart slugs
  31 orcs
  7 ball pythons
  5 endoplasms
  A giant cockroach (D:1)
  6 goblins
  5 hobgoblins
  7 jackals
  6 quokkas
  A bat (D:1)
  8 frilled lizards
  A goblin skeleton (D:7)
  3 hobgoblin zombies (D:7)
  14 kobolds
  A kobold skeleton (D:7)
  An orc zombie (D:7)
  4 rats
188 creatures vanquished.

Vanquished Creatures (others)
  A fungus (Lair:1)
  11 plants
12 creatures vanquished.

Grand Total: 200 creatures vanquished

Notes
Turn   | Place    | Note
-------+----------+-------------------------------------------
     0 | D:1      | qw the Troll Cinder Acolyte began the quest for the Orb.
     0 | D:1      | Reached XP level 1. HP: 22/22 MP: 1/1
     0 | D:1      | 0 ||| qw: Version: 0.1-a-97-g2dd2ca4
     0 | D:1      | 0 ||| qw: Game counter: 4617
     0 | D:1      | 0 ||| qw: Always use a shield: true
     0 | D:1      | 0 ||| qw: God list: Okawaru
     0 | D:1      | 0 ||| qw: Allow faded altars: false
     0 | D:1      | 0 ||| qw: Do Orc after D:15 true
     0 | D:1      | 0 ||| qw: Do second Lair branch before Depths: true
     0 | D:1      | 0 ||| qw: Lair rune preference: random
     0 | D:1      | 0 ||| qw: Plans: Normal
     0 | D:1      | 0 ||| PLANNING D:1-11
    60 | D:1      | 60 ||| Stepping ~*~*~tactically~*~*~ (hiding).
   116 | D:1      | Reached XP level 2. HP: 29/29 MP: 2/2
   128 | D:1      | 128 ||| Stepping ~*~*~tactically~*~*~ (stealth).
   351 | D:1      | Reached skill level 4 in Unarmed Combat
   576 | D:1      | Reached XP level 3. HP: 35/36 MP: 3/3
   590 | D:1      | Found a faded altar of an unknown god.
   731 | D:1      | 731 ||| READING scroll labelled RATEAL XINOTT.
   732 | D:1      | 732 ||| READING scroll labelled USMUUS CARGHO.
   801 | D:2      | Noticed Sigmund
   805 | D:2      | Killed Sigmund
   806 | D:2      | Reached skill level 3 in Throwing
   806 | D:2      | Reached XP level 4. HP: 34/44 MP: 4/4
   806 | D:2      | Reached XP level 5. HP: 38/50 MP: 5/5
   841 | D:2      | 841 ||| Stepping ~*~*~tactically~*~*~ (stealth).
   846 | D:2      | 846 ||| Stepping ~*~*~tactically~*~*~ (stealth).
   848 | D:2      | 848 ||| Stepping ~*~*~tactically~*~*~ (stealth).
   849 | D:2      | 849 ||| Stepping ~*~*~tactically~*~*~ (stealth).
  1032 | D:2      | Noticed Natasha
  1040 | D:2      | 1040 ||| INVOKING Fiery Armour.
  1043 | D:2      | Killed Natasha
  1095 | D:2      | Noticed Terence
  1108 | D:2      | Killed Terence
  1221 | D:2      | Reached skill level 5 in Unarmed Combat
  1330 | D:2      | 1330 ||| READING scroll labelled ICAZXUPYNA.
  1331 | D:2      | 1331 ||| READING scroll labelled MAUMOLE PAN.
  1332 | D:2      | 1332 ||| READING scroll labelled WATOJUUBITU.
  1333 | D:2      | 1333 ||| READING 2 scrolls labelled DUYTANWIN XAPI.
  1334 | D:2      | 1334 ||| READING scroll labelled UBLEFRE FAMP.
  1335 | D:2      | 1335 ||| READING scroll labelled COYHUN SOSAO.
  1335 | D:2      | Identified a scroll of acquirement
  1335 | D:2      | 1335 ||| ACQUIRING ring of willpower
  1335 | D:2      | Acquired a ring of willpower
  1337 | D:2      | 1337 ||| UPGRADING to ring of willpower.
  1338 | D:2      | 1338 ||| READING scroll labelled MIZEMO QAMMO.
  1339 | D:2      | 1339 ||| DROPPING scroll of butterflies.
  1340 | D:2      | 1340 ||| Stepping randomly (stuck).
  1341 | D:2      | 1341 ||| Stepping ~*~*~tactically~*~*~ (cloud).
  1452 | D:3      | Reached XP level 6. HP: 59/59 MP: 6/6
  1804 | D:3      | Found the +1 Delatra's gloves {ID++}
  1807 | D:3      | 1807 ||| Stepping ~*~*~tactically~*~*~ (outnumbered).
  2023 | D:3      | 2023 ||| UPGRADING to +0 cloak.
  2028 | D:3      | 2028 ||| UPGRADING to +6 ring of strength.
  2029 | D:3      | 2029 ||| READING scroll labelled ILYWIN OWNATS.
  2030 | D:3      | 2030 ||| READING scroll labelled DEHOACVUPP.
  2031 | D:3      | 2031 ||| DRINKING 2 fizzy silvery potions.
  2032 | D:3      | 2032 ||| DRINKING 3 fuming brown potions.
  2157 | D:4      | 2157 ||| INVOKING Fiery Armour.
  2298 | D:4      | 2298 ||| Stepping ~*~*~tactically~*~*~ (stealth).
  2301 | D:4      | 2301 ||| Stepping ~*~*~tactically~*~*~ (stealth).
  2306 | D:4      | 2306 ||| Stepping ~*~*~tactically~*~*~ (outnumbered).
  2307 | D:4      | 2307 ||| Stepping ~*~*~tactically~*~*~ (outnumbered).
  2308 | D:4      | 2308 ||| Stepping ~*~*~tactically~*~*~ (outnumbered).
  2309 | D:4      | 2309 ||| INVOKING Fiery Armour.
  2310 | D:4      | 2310 ||| Stepping ~*~*~tactically~*~*~ (outnumbered).
  2327 | D:4      | 2327 ||| Stepping ~*~*~tactically~*~*~ (stealth).
  2329 | D:4      | 2329 ||| Stepping ~*~*~tactically~*~*~ (stealth).
  2399 | D:4      | Reached skill level 6 in Unarmed Combat
  2586 | D:4      | 2586 ||| READING scroll labelled EPOPPITAUJ.
  2589 | D:4      | 2589 ||| DRINKING 3 viscous dark potions.
  2589 | D:4      | Gained mutation: Your body sometimes deteriorates upon
                  | taking damage. [potion of mutation]
  2589 | D:4      | Lost mutation: Your body sometimes deteriorates upon taking
                  | damage. [potion of mutation]
  2590 | D:4      | 2590 ||| READING 2 scrolls of identify.
  2590 | D:4      | 2590 ||| IDENTIFYING blue potion
  2607 | D:5      | Entered Level 5 of the Dungeon
  2653 | D:5      | 2653 ||| Stepping ~*~*~tactically~*~*~ (stealth).
  2657 | D:5      | 2657 ||| Stepping ~*~*~tactically~*~*~ (outnumbered).
  2658 | D:5      | 2658 ||| Stepping ~*~*~tactically~*~*~ (outnumbered).
  2659 | D:5      | 2659 ||| Stepping ~*~*~tactically~*~*~ (outnumbered).
  2660 | D:5      | 2660 ||| Stepping ~*~*~tactically~*~*~ (outnumbered).
  2662 | D:5      | 2662 ||| Stepping ~*~*~tactically~*~*~ (outnumbered).
  2765 | D:5      | 2765 ||| FLEEEEING.
  2766 | D:5      | 2766 ||| FLEEEEING.
  2767 | D:5      | 2767 ||| FLEEEEING.
  2768 | D:5      | 2768 ||| FLEEEEING.
  2769 | D:5      | 2769 ||| FLEEEEING.
  2770 | D:5      | 2770 ||| FLEEEEING.
  2771 | D:5      | 2771 ||| FLEEEEING.
  2845 | D:5      | 2845 ||| Stepping ~*~*~tactically~*~*~ (stealth).
  2846 | D:5      | 2846 ||| Stepping ~*~*~tactically~*~*~ (stealth).
  2847 | D:5      | 2847 ||| Stepping ~*~*~tactically~*~*~ (stealth).
  2848 | D:5      | 2848 ||| Stepping ~*~*~tactically~*~*~ (stealth).
  2855 | D:5      | Reached XP level 7. HP: 66/66 MP: 7/7
  2876 | D:5      | Found a staircase to the Ecumenical Temple.
  2961 | D:5      | Reached skill level 7 in Unarmed Combat
  3004 | D:5      | 3004 ||| Stepping ~*~*~tactically~*~*~ (hiding).
  3151 | D:5      | 3151 ||| Stepping ~*~*~tactically~*~*~ (hiding).
  3152 | D:5      | 3152 ||| Stepping ~*~*~tactically~*~*~ (outnumbered).
  3298 | D:5      | 3298 ||| Stepping ~*~*~tactically~*~*~ (outnumbered).
  3299 | D:5      | 3299 ||| Stepping ~*~*~tactically~*~*~ (outnumbered).
  3300 | D:5      | 3300 ||| Stepping ~*~*~tactically~*~*~ (outnumbered).
  3306 | D:5      | Reached skill level 8 in Unarmed Combat
  3733 | D:5      | 3733 ||| DROPPING ring of magical power.
  3734 | D:5      | 3734 ||| DROPPING ring of wizardry.
  3735 | D:5      | 3735 ||| READING scroll labelled XYHYTA JAOTIO.
  3736 | D:5      | 3736 ||| DRINKING 3 smoky amethyst potions.
  3837 | D:5      | 3837 ||| READING 3 scrolls of identify.
  3837 | D:5      | 3837 ||| IDENTIFYING grey potion
  3838 | D:5      | 3838 ||| READING 2 scrolls of identify.
  3838 | D:5      | 3838 ||| IDENTIFYING metallic purple potion
  3839 | D:5      | 3839 ||| DROPPING 2 potions of ambrosia.
  3840 | D:5      | 3840 ||| DROPPING potion of degeneration.
  3927 | D:5      | 3927 ||| Stepping randomly (stuck).
  3961 | D:5      | 3961 ||| Stepping randomly (stuck).
  4058 | D:6      | Found a burning altar of Makhleb.
  4193 | D:6      | Noticed Grinder
  4194 | D:6      | 4194 ||| Stepping ~*~*~tactically~*~*~ (hiding).
  4206 | D:6      | Killed Grinder
  4207 | D:6      | Reached XP level 8. HP: 76/78 MP: 8/8
  4343 | D:6      | 4343 ||| Stepping ~*~*~tactically~*~*~ (stealth).
  4504 | D:6      | Found a shimmering blue altar of Sif Muna.
  4750 | D:6      | 4750 ||| READING 2 scrolls labelled ORERED HUOS.
  4751 | D:6      | 4751 ||| DRINKING 2 white potions.
  4752 | D:6      | 4752 ||| DRINKING 3 smoky golden potions.
  4753 | D:6      | 4753 ||| READING 2 scrolls of identify.
  4753 | D:6      | 4753 ||| IDENTIFYING black potion
  4754 | D:6      | 4754 ||| DROPPING potion of magic.
  4755 | D:6      | 4755 ||| DROPPING potion of brilliance.
  4756 | D:6      | 4756 ||| DROPPING 2 potions of flight.
  4757 | D:6      | 4757 ||| DROPPING scroll of summoning.
  4830 | D:5      | 4830 ||| Stepping randomly (stuck).
  4860 | D:7      | Found a glowing golden altar of the Shining One.
  4913 | D:7      | Found a shadowy altar of Dithmenos.
  4928 | D:7      | 4928 ||| Stepping ~*~*~tactically~*~*~ (stealth).
  4928 | D:7      | Found a runed translucent door.
  4931 | D:7      | Reached skill level 9 in Unarmed Combat
  4964 | D:7      | Found a basalt altar of Yredelemnul.
  4984 | D:7      | 4984 ||| Stepping ~*~*~tactically~*~*~ (stealth).
  4986 | D:7      | 4986 ||| Stepping ~*~*~tactically~*~*~ (stealth).
  4987 | D:7      | 4987 ||| Stepping ~*~*~tactically~*~*~ (stealth).
  5449 | D:7      | 5449 ||| Stepping ~*~*~tactically~*~*~ (outnumbered).
  5450 | D:7      | 5450 ||| Stepping ~*~*~tactically~*~*~ (outnumbered).
  5492 | D:7      | Found Enifae Emme's Armour Shop.
  5507 | D:7      | 5507 ||| BUYING +1 hat (143 gold).
  5507 | D:7      | Bought a +1 hat for 143 gold pieces
  5653 | D:7      | 5653 ||| UPGRADING to +1 hat.
  5658 | D:7      | 5658 ||| DROPPING amulet of magic regeneration.
  5730 | D:8      | 5730 ||| Stepping ~*~*~tactically~*~*~ (hiding).
  5732 | D:8      | 5732 ||| Stepping ~*~*~tactically~*~*~ (hiding).
  5733 | D:8      | 5733 ||| Stepping ~*~*~tactically~*~*~ (hiding).
  5751 | D:8      | 5751 ||| Stepping ~*~*~tactically~*~*~ (stealth).
  5767 | D:8      | 5767 ||| Stepping ~*~*~tactically~*~*~ (stealth).
  5770 | D:8      | 5770 ||| Stepping ~*~*~tactically~*~*~ (hiding).
  5773 | D:8      | 5773 ||| Stepping ~*~*~tactically~*~*~ (hiding).
  5774 | D:8      | 5774 ||| Stepping ~*~*~tactically~*~*~ (hiding).
  5806 | D:8      | 5806 ||| INVOKING Fiery Armour.
  5807 | D:8      | 5807 ||| Stepping ~*~*~tactically~*~*~ (outnumbered).
  5808 | D:8      | 5808 ||| Stepping ~*~*~tactically~*~*~ (outnumbered).
  5810 | D:8      | 5810 ||| Stepping ~*~*~tactically~*~*~ (outnumbered).
  5811 | D:8      | 5811 ||| Stepping ~*~*~tactically~*~*~ (outnumbered).
  5812 | D:8      | 5812 ||| Stepping ~*~*~tactically~*~*~ (outnumbered).
  5813 | D:8      | 5813 ||| Stepping ~*~*~tactically~*~*~ (outnumbered).
  5816 | D:8      | 5816 ||| Stepping ~*~*~tactically~*~*~ (outnumbered).
  5818 | D:8      | Reached skill level 10 in Unarmed Combat
  5819 | D:8      | Reached XP level 9. HP: 84/84 MP: 9/9
  5827 | D:8      | 5827 ||| Stepping ~*~*~tactically~*~*~ (outnumbered).
  5828 | D:8      | 5828 ||| Stepping ~*~*~tactically~*~*~ (outnumbered).
  5829 | D:8      | 5829 ||| Stepping ~*~*~tactically~*~*~ (outnumbered).
  5830 | D:8      | 5830 ||| Stepping ~*~*~tactically~*~*~ (outnumbered).
  5832 | D:8      | 5832 ||| FLEEEEING.
  5833 | D:8      | 5833 ||| FLEEEEING.
  5834 | D:8      | 5834 ||| FLEEEEING.
  5835 | D:8      | 5835 ||| FLEEEEING.
  5836 | D:8      | 5836 ||| FLEEEEING.
  5837 | D:8      | 5837 ||| FLEEEEING.
  5838 | D:8      | 5838 ||| FLEEEEING.
  5839 | D:8      | 5839 ||| FLEEEEING.
  5840 | D:8      | 5840 ||| FLEEEEING.
  5843 | D:8      | 5843 ||| Stepping ~*~*~tactically~*~*~ (outnumbered).
  5844 | D:8      | 5844 ||| Stepping ~*~*~tactically~*~*~ (outnumbered).
  5847 | D:8      | Reached skill level 11 in Unarmed Combat
  5854 | D:8      | 5854 ||| Stepping ~*~*~tactically~*~*~ (stealth).
  5859 | D:8      | 5859 ||| Stepping ~*~*~tactically~*~*~ (outnumbered).
  5867 | D:8      | 5867 ||| FLEEEEING.
  5868 | D:8      | 5868 ||| FLEEEEING.
  5869 | D:8      | 5869 ||| FLEEEEING.
  5870 | D:8      | 5870 ||| FLEEEEING.
  5871 | D:8      | 5871 ||| FLEEEEING.
  5872 | D:8      | 5872 ||| FLEEEEING.
  5873 | D:8      | 5873 ||| FLEEEEING.
  5879 | D:8      | 5879 ||| STAIRDANCE
  5890 | D:7      | 5890 ||| READING 2 scrolls of identify.
  5890 | D:7      | 5890 ||| IDENTIFYING smoky blue potion
  5891 | D:7      | 5891 ||| DROPPING potion of lignification.
  6043 | D:8      | 6043 ||| Stepping ~*~*~tactically~*~*~ (outnumbered).
  6094 | D:8      | Identified the +5 mace of Tialum {freeze, rElec rN+ Int+2
                  | Stlth+}
  6519 | D:8      | 6519 ||| Stepping ~*~*~tactically~*~*~ (hiding).
  6525 | D:8      | Reached skill level 12 in Unarmed Combat
  6589 | D:8      | 6589 ||| DROPPING ring of resist corrosion.
  6590 | D:8      | 6590 ||| UPGRADING to +6 ring of dexterity.
  6592 | D:8      | 6592 ||| DROPPING ring of willpower.
  6772 | D:9      | 6772 ||| Stepping ~*~*~tactically~*~*~ (hiding).
  6775 | D:9      | Noticed a komodo dragon
  6779 | D:9      | 6779 ||| FLEEEEING.
  6780 | D:9      | 6780 ||| FLEEEEING.
  6781 | D:9      | 6781 ||| FLEEEEING.
  6782 | D:9      | 6782 ||| FLEEEEING.
  6783 | D:9      | 6783 ||| FLEEEEING.
  6784 | D:9      | 6784 ||| FLEEEEING.
  6785 | D:9      | 6785 ||| FLEEEEING.
  6790 | D:9      | Killed a komodo dragon
  6791 | D:9      | Reached XP level 10. HP: 92/96 MP: 10/10
  6834 | D:9      | 6834 ||| Stepping ~*~*~tactically~*~*~ (hiding).
  6940 | D:9      | Found a staircase to the Lair.
  7035 | D:9      | 7035 ||| Stepping ~*~*~tactically~*~*~ (stealth).
  7059 | D:9      | Reached skill level 13 in Unarmed Combat
  7290 | D:9      | Found an ornate altar of the Wu Jian Council.
  7290 | D:9      | Found an opulent altar of Gozag.
  7340 | D:9      | 7340 ||| Stepping ~*~*~tactically~*~*~ (stealth).
  7345 | D:9      | 7345 ||| Stepping ~*~*~tactically~*~*~ (outnumbered).
  7347 | D:9      | 7347 ||| Stepping ~*~*~tactically~*~*~ (outnumbered).
  7348 | D:9      | 7348 ||| Stepping ~*~*~tactically~*~*~ (outnumbered).
  7350 | D:9      | 7350 ||| FLEEEEING.
  7351 | D:9      | 7351 ||| FLEEEEING.
  7352 | D:9      | 7352 ||| FLEEEEING.
  7353 | D:9      | 7353 ||| FLEEEEING.
  7354 | D:9      | 7354 ||| FLEEEEING.
  7355 | D:9      | 7355 ||| FLEEEEING.
  7356 | D:9      | 7356 ||| FLEEEEING.
  7357 | D:9      | 7357 ||| FLEEEEING.
  7358 | D:9      | 7358 ||| FLEEEEING.
  7359 | D:9      | 7359 ||| FLEEEEING.
  7360 | D:9      | 7360 ||| FLEEEEING.
  7361 | D:9      | 7361 ||| FLEEEEING.
  7363 | D:9      | 7363 ||| FLEEEEING.
  7364 | D:9      | 7364 ||| FLEEEEING.
  7367 | D:9      | 7367 ||| FLEEEEING.
  7368 | D:9      | 7368 ||| FLEEEEING.
  7369 | D:9      | 7369 ||| FLEEEEING.
  7370 | D:9      | 7370 ||| FLEEEEING.
  7371 | D:9      | 7371 ||| FLEEEEING.
  7372 | D:9      | 7372 ||| FLEEEEING.
  7373 | D:9      | 7373 ||| FLEEEEING.
  7374 | D:9      | 7374 ||| FLEEEEING.
  7375 | D:9      | 7375 ||| FLEEEEING.
  7376 | D:9      | 7376 ||| FLEEEEING.
  7377 | D:9      | 7377 ||| FLEEEEING.
  7378 | D:9      | 7378 ||| FLEEEEING.
  7379 | D:9      | 7379 ||| FLEEEEING.
  7380 | D:9      | 7380 ||| FLEEEEING.
  7385 | D:9      | 7385 ||| STAIRDANCE
  7417 | D:8      | 7417 ||| UPGRADING to +0 acid dragon scales.
  7427 | D:8      | 7427 ||| DROPPING +0 robe.
  7428 | D:8      | 7428 ||| READING scroll labelled UGORYL ZAPE.
  7535 | D:9      | Reached skill level 1 in Armour
  7843 | D:9      | 7843 ||| PLANNING LAIR
  7906 | Lair:1   | Entered Level 1 of the Lair of Beasts
  7970 | Lair:1   | Noticed a black mamba
  7980 | Lair:1   | 7980 ||| INVOKING Fiery Armour.
  7981 | Lair:1   | HP: 23/96 [poisoned by a black mamba]
  7982 | Lair:1   | 7982 ||| READING 2 scrolls of teleportation.
  7982 | Lair:1   | HP: 8/96 [poisoned by a black mamba]
  7982 | Lair:1   | HP: 2/96 [wolf (6)]
  7982 | Lair:1   | Mangled by a wolf

Levels and vault maps discovered:
D:1:      minmay_arrival_four_loops, layout_basic,
          dreamdust_ecumenical_altar_angels_and_demons
D:2:      layout_basic, uniq_terence, uniq_natasha, uniq_sigmund
D:3:      layout_loops_ring, pf_guarded_unrand_delatra
D:4:      layout_basic, minmay_lizard_king
D:5:      layout_basic, minmay_temple_entry_from_below_a
D:6:      layout_basic, led_sif_pool, mainiacjoe_overflow_catwalk,
          due_unseen_surprise, uniq_grinder
D:7:      layout_layer_cave, mainiacjoe_overflow_paths,
          nicolae_tso_besieged_by_evil, dk_yredelemnul_ordeal, serial_shops,
          nicolae_shop_window_shopping
D:8:      layout_gridville
D:9:      layout_long_grid, nicolae_overflow_two_pavilions, erik_lair_dragon,
          amcnicky_mini_rare_corridor_liquid, amethyst_killhole, minivault_1
Lair:1:   layout_cave_pods, enter_volcano_4, grunt_megastairs_5

Skill      XL: |  1  2  3  4  5  6  7  8  9 10 |
---------------+-------------------------------+-----
Unarmed Combat | 4 5 6 8 10 12 13 | 13.0
Throwing       | 3 5 |  5.3
Fighting       | 4 5 |  5.2
Dodging        | 2 |  2.0
Armour         | 1 |  1.7
Spellcasting   | |  1.0
Fire Magic     | |  2.1

Action                   |  1- 3 |  4- 6 |  7- 9 | 10-12 || total
-------------------------+-------+-------+-------+-------++-------
Melee: Unarmed           |    58 |   147 |   177 |    64 ||   446
       Punch             |     1 |     7 |    10 |     4 ||    22
Throw: Javelin           |     1 |    40 |     7 |     1 ||    49
       Boomerang         |       |       |    12 |     4 ||    16
       Large rock        |       |       |    19 |    15 ||    34
Invok: Fiery Armour      |       |     3 |     1 |     1 ||     5
  Use: Scroll            |     2 |    11 |     6 |     2 ||    21
       Potion            |       |     3 |     3 |       ||     6
Armor: Robe              |    11 |    38 |    62 |    10 ||   121
       Acid dragon scale |       |       |       |    11 ||    11
Dodge: Dodged            |    13 |    56 |    70 |    33 ||   172

Table legend:
 A = Non-vault XP
 B = Vault XP
 C = Vault XP percentage of total XP
 D = Non-vault monster count
 E = Vault monster count
 F = Vault count percentage of total count
                 A         B        C        D         E       F
            +---------+---------+-------+---------+---------+-------
      Total |    5659 |    2232 |  28.3 |     159 |      29 |  15.4
            +---------+---------+-------+---------+---------+-------
        D:1 |      46 |       0 |   0.0 |      26 |       0 |   0.0
        D:2 |      23 |     297 |  92.8 |      13 |       3 |  18.8
        D:3 |      36 |      47 |  56.6 |       6 |       5 |  45.5
        D:4 |     104 |      43 |  29.3 |      16 |       7 |  30.4
        D:5 |     593 |       0 |   0.0 |      28 |       0 |   0.0
        D:6 |     271 |     295 |  52.1 |       4 |       1 |  20.0
        D:7 |     528 |      51 |   8.8 |      12 |       7 |  36.8
        D:8 |    2205 |       0 |   0.0 |      27 |       0 |   0.0
        D:9 |    1696 |    1499 |  46.9 |      26 |       6 |  18.8
     Lair:1 |     157 |       0 |   0.0 |       1 |       0 |   0.0
            +---------+---------+-------+---------+---------+-------
